 Dungeon Crawl Stone Soup version 0.21-a0-88-g13b9641 (webtiles) character file.

126 Spazmo the Conjurer (level 4, 0/25 HPs)
             Began as a Deep Elf Conjurer on June 27, 2017.
             Shot with an arrow by a centaur (14 damage)
             ... on level 4 of the Dungeon.
             The game lasted 00:06:37 (2426 turns).

Spazmo the Conjurer (Deep Elf Conjurer)             Turns: 2426, Time: 00:06:37

Health: 0/25       AC:  3    Str:  3 (5)  XL:     4   Next: 83%
Magic:  9/12       EV: 13    Int: 21      God:
Gold:   132        SH:  0    Dex: 12 (15) Spells: 0/11 levels left

rFire    . . .     SeeInvis .   i - +0 short sword
rCold    . . .     Gourm    .   (no shield)
rNeg     . . .     Faith    .   a - +1 robe
rPois    .         Spirit   .   (no helmet)
rElec    .         Reflect  .   (no cloak)
rCorr    .         Harm     .   (no gloves)
MR       +....                  (no boots)
Stlth    ++........             (no amulet)
HPRegen  0.08/turn              g - ring of flight
MPRegen  0.13/turn              p - ring of protection from magic

@: no status effects
A: no striking features
a: Evoke Flight


You were on level 4 of the Dungeon.
You were not hungry.

You visited 1 branch of the dungeon, and saw 4 of its levels.

You collected 132 gold pieces.

Inventory:

Hand Weapons
 i - a +0 short sword (weapon)
Missiles
 f - 145 stones (quivered)
Armour
 a - a +1 robe (worn)
Jewellery
 g - a ring of flight (left hand)
 p - a ring of protection from magic (right hand)
Scrolls
 e - 3 scrolls of identify
 q - a scroll of teleportation
Potions
 d - a potion of brilliance
 h - a potion of heal wounds
 j - 4 potions of curing
 k - a potion of resistance {unknown}
 m - a potion of lignification
Books
 b - a book of Conjurations

   Spells                             Type                      Level
   a - Magic Dart                     Conjuration                  1
   b - Searing Ray                    Conjuration                  2
   c - Dazzling Spray                 Conjuration/Hexes            3
   d - Fulminant Prism                Conjuration/Hexes            4
   e - Force Lance                    Conjuration/Translocation    4
   f - Iskenderun's Mystic Blast      Conjuration                  4
Comestibles
 c - 3 bread rations
 l - 2 fruits


   Skills:
 + Level 1.2 Fighting
 + Level 3.5 Dodging
 - Level 2.4 Stealth
 * Level 4.3 Spellcasting
 * Level 5.4 Conjurations


You couldn't memorise any spells.
You knew the following spells:

 Your Spells              Type           Power        Failure   Level  Hunger
a - Magic Dart            Conj           ####         1%          1    None
b - Searing Ray           Conj           ####..       1%          2    #......
c - Force Lance           Conj/Tloc      ###.....     36%         4    ####...
d - Iskenderun's Mystic   Conj           ####....     12%         4    ####...


Dungeon Overview and Level Annotations

Branches:
Dungeon (4/15)
 Temple: D:4-7

Altars:
Fedhas
The Shining One


Message History

The magic dart hits the adder skeleton.
You destroy the adder skeleton!
A centaur comes into view.
Okay, then.
Unknown command.
Casting: Magic Dart
Confirm with . or Enter, or press ? or * to list all spells.
Aiming: Magic Dart
Press: ? - help, Shift-Dir - straight line, f - centaur
Aim: a centaur (resting)
The magic dart hits the centaur.
The centaur is lightly wounded.
The centaur shouts!
The centaur wields a shortbow.
The centaur shoots an arrow.
The arrow misses you.
The centaur shoots an arrow.
The arrow hits you!
You see here an arrow.
The centaur shoots an arrow.
The arrow hits you!
Ouch! That really hurt!
You die...

..._.....#.#
#...c...#.##
..........#
#...#.#..#
#(......######.#
#(##...........#
#.#####<########
#.#####.#
#.@.....#
#########


You could see a centaur.

Vanquished Creatures
  An orc priest (D:3)
  2 adders
  An adder skeleton (D:4)
  4 dart slugs
  3 leopard geckos
  4 orcs (D:3)
  5 bats
  7 goblins
  9 hobgoblins
  6 jackals
  A quokka (D:3)
  2 ball pythons
  2 frilled lizards
  5 kobolds
  6 rats
58 creatures vanquished.

Notes
Turn   | Place    | Note
-------+----------+-------------------------------------------
     0 | D:1      | Spazmo the Deep Elf Conjurer began the quest for the Orb.
     0 | D:1      | Reached XP level 1. HP: 10/10 MP: 6/6
   147 | D:1      | Reached XP level 2. HP: 16/16 MP: 0/8
   151 | D:1      | Learned a level 2 spell: Searing Ray
   550 | D:1      | Reached XP level 3. HP: 19/20 MP: 6/10
  1237 | D:2      | Reached skill level 5 in Conjurations
  1692 | D:3      | Reached XP level 4. HP: 24/24 MP: 10/12
  1698 | D:3      | Learned a level 4 spell: Force Lance
  1703 | D:3      | Learned a level 4 spell: Iskenderun's Mystic Blast
  1846 | D:3      | Reached skill level 1 in Fighting
  2415 | D:4      | Found a blossoming altar of Fedhas.
  2417 | D:4      | Found a glowing golden altar of the Shining One.
  2421 | D:4      | Noticed a centaur
  2426 | D:4      | Shot with an arrow by a centaur

Vault maps used:
D:1:      dpeg_arrival_three_same_balls
D:2:      first_bread
D:4:      corexii_shack_village, grunt_temple_overflow_open

Skill      XL: |  1  2  3  4 |
---------------+-------------+-----
Dodging        | 3 |  3.5
Spellcasting   | 4 |  4.3
Conjurations   | 5 |  5.4
Fighting       | 1 |  1.2
Stealth        | |  2.4

Action                   |  1- 3 |  4- 6 || total
-------------------------+-------+-------++-------
Melee: Club              |     1 |       ||     1
 Cast: Magic Dart        |    92 |    33 ||   125
       Searing Ray       |       |     1 ||     1
  Use: Scroll            |     5 |     1 ||     6
       Potion            |     3 |     1 ||     4
  Eat: Chunk             |     2 |     2 ||     4
Dodge: Dodged            |     9 |     1 ||    10
